Map: Eternal Empire LE

Players

Reynor - Winner!

  • Race: Zerg Zerg
  • League: Master
  • Spawn Location: 7:00

Serral

  • Race: Zerg Zerg
  • League: Grandmaster
  • Spawn Location: 1:00

Event: Shopify TSL 5

VOD

Have the link to the VOD?

Description

Time

  • Played on: May 24, 2020, 1:32 p.m.
  • Length: 14:03

All games in this series

Show
View Real Time Build Order
Export as new Build Order

Reynor Zerg - Winner!

Build Orders: Hatch First, Lurkers, Muta Ling Bane 

Get SALT Encoding   

  12  0:00  Drone  
  13  0:12  Overlord  
  13  0:16  Drone  
  14  0:30  Drone x2  
  16  0:47  Hatchery  
  15  0:51  Drone  
  15  0:55  Drone  
  17  0:58  Drone  
  18  1:09  Extractor  
  17  1:14  Spawning Pool  
  17  1:17  Drone  
  17  1:20  Drone  
  18  1:28  Drone  
  19  1:38  Drone  
  20  1:49  Drone  
  20  1:53  Evolution Chamber  
  20  1:59  Drone x2  
  20  2:00  Queen x2  
  26  2:10  Overlord  
  26  2:11  Drone  
  27  2:19  Zerg Melee Weapons Level 1  
  27  2:21  Zergling x2  
  28  2:28  Drone  
  29  2:31  Drone  
  29  2:32  Drone  
  29  2:36  Queen  
  33  2:42  Overlord  
  33  2:43  Drone  
  34  2:48  Metabolic Boost  
  34  2:53  Drone x2  
  36  3:03  Zergling x2  
  36  3:04  Drone  
  38  3:09  Drone x3  
  38  3:10  Drone  
  38  3:11  Overlord  
  42  3:14  Drone  
  42  3:16  Zergling x2  
  44  3:29  Hatchery  
  44  3:32  Lair  
  43  3:34  Zergling x2  
  43  3:36  Zergling x2  
  43  3:39  Extractor  
  44  3:41  Drone x2  
  44  3:43  Drone  
  44  3:44  Drone  
  44  3:46  Drone  
  44  3:48  Zergling x2  
  50  3:49  Zergling x2  
  50  3:54  Overlord  
  51  3:56  Zergling x2  
  52  4:02  Extractor  
  52  4:03  Zergling x2  
  52  4:08  Overlord  
  52  4:13  Zergling x4  
  52  4:14  Zergling x6  
  52  4:15  Zerg Ground Armor Level 1  
  57  4:19  Zergling x4  
  57  4:21  Zergling x2  
  60  4:28  Zergling x4  
  60  4:30  Drone  
  63  4:37  Zergling x2  
  64  4:39  Zergling x2  
  64  4:45  Extractor, Spire  
  64  4:48  Zergling x2  
  64  4:49  Spine Crawler, Zergling x2  
  64  4:51  Spine Crawler  
  61  4:53  Drone x2  
  63  5:01  Drone x3  
  63  5:03  Zergling x2  
  63  5:04  Zergling x2  
  66  5:10  Zergling x6  
  68  5:17  Zergling x8  
  67  5:27  Drone x5  
  68  5:46  Overlord  
  68  5:47  Drone x3  
  68  5:48  Drone x2  
  72  5:54  Drone  
  72  6:05  Overlord  
  72  6:06  Mutalisk x4  
  72  6:09  Drone  
  81  6:14  Overlord  
  81  6:23  Mutalisk x4  
  89  6:31  Overlord  
  89  6:34  Mutalisk x3  
  89  6:39  Drone x3  
  98  6:41  Overlord  
  98  6:49  Extractor, Zerg Melee Weapons Level 2  
  98  6:50  Extractor  
  98  6:53  Drone x3  
  98  6:54  Drone  
  99  6:59  Mutalisk  
  101  7:04  Drone x4  
  101  7:05  Drone  
  101  7:07  Hatchery  
  105  7:09  Overlord  
  105  7:13  Drone  
  106  7:17  Baneling Nest  
  106  7:18  Overlord  
  105  7:24  Drone  
  105  7:28  Mutalisk x3  
  112  7:33  Mutalisk  
  114  7:38  Overlord  
  114  7:41  Mutalisk  
  116  7:44  Drone x6  
  116  7:48  Overlord  
  122  8:00  Mutalisk x3  
  122  8:04  Drone  
  122  8:05  Drone x2  
  130  8:07  Centrifical Hooks  
  125  8:13  Drone x5  
  125  8:15  Queen, Drone  
  132  8:22  Mutalisk x2  
  135  8:29  Drone, Hydralisk Den  
  135  8:35  Infestation Pit  
  135  8:36  Evolution Chamber  
  135  8:37  Unknown  
  135  8:40  Drone  
  132  8:41  Hatchery  
  132  8:43  Drone x3  
  132  8:45  Queen  
  135  8:49  Zergling x10  
  135  8:50  Baneling x3  
  135  8:51  Baneling  
  135  8:52  Overlord  
  140  9:04  Drone x3  
  140  9:05  Zerg Missile Weapons Level 1  
  144  9:10  Drone x7, Lurker Den  
  144  9:12  Overlord  
  144  9:16  Zergling x6  
  152  9:26  Hive  
  152  9:31  Overlord  
  152  9:35  Zergling x16  
  152  9:36  Baneling  
  152  9:37  Baneling x14  
  160  9:40  Unknown  
  160  9:43  Pneumatized Carapace, Overlord  
  160  9:45  Zergling x2  
  160  9:56  Hydralisk x2  
  160  9:57  Hydralisk x4  
  172  10:00  Zergling x2  
  172  10:01  Zergling x4  
  161  10:09  Hydralisk  
  161  10:10  Zergling x20  
  150  10:15  Zergling x8  
  150  10:18  Hydralisk  
  152  10:25  Hydralisk  
  152  10:26  Zergling x10  
  155  10:31  Zergling x2  
  155  10:32  Zergling x8  
  154  10:39  Hydralisk  
  154  10:40  Zergling x10  
  147  10:43  Lurker x5  
  147  10:44  Lurker x3  
  147  10:47  Adrenal Glands  
  151  10:52  Drone x5  
  151  10:55  Lurker  
  156  10:59  Drone x2  
  156  11:00  Drone x3  
  156  11:01  Zergling x6  
  164  11:04  Zergling x2  
  164  11:05  Zergling x4  
  160  11:11  Zerg Missile Weapons Level 2  
  160  11:15  Seismic Spines, Hydralisk  
  160  11:16  Zergling x8  
  166  11:23  Drone x3  
  166  11:25  Lurker  
  170  11:26  Hydralisk x3  
  170  11:31  Zergling x2  
  170  11:32  Zergling x8  
  181  11:33  Overlord  
  181  11:43  Overlord  
  179  11:49  Baneling x4  
  179  11:53  Zergling x26  
  189  11:58  Overlord  
  188  12:04  Hydralisk  
  188  12:05  Hydralisk x3  
  189  12:09  Hydralisk  
  189  12:10  Hydralisk x2  
  183  12:18  Hydralisk  
  183  12:19  Zergling x20  
  183  12:21  Hydralisk  
  183  12:22  Zergling x2  
  191  12:25  Queen  
  191  12:26  Zergling x4, Hydralisk  
  191  12:27  Zergling x8  
  174  12:31  Hydralisk  
  174  12:32  Hydralisk x3  
  144  12:46  Hydralisk  
  144  12:47  Hydralisk x5  
  151  12:51  Hydralisk x2  
  151  12:52  Zergling x4  
  153  13:02  Hydralisk x4  
  153  13:08  Zergling x12  
  158  13:17  Hydralisk  
  157  13:22  Hydralisk x2  
  157  13:23  Hydralisk x2  
  163  13:31  Hydralisk  
  163  13:32  Zergling x8  
  154  13:42  Lurker x6  
  154  13:43  Lurker  
Show
View Real Time Build Order
Export as new Build Order

Serral Zerg 

Build Orders: Hatch First 

Get SALT Encoding   

  12  0:00  Drone  
  13  0:12  Overlord  
  13  0:16  Drone  
  14  0:30  Drone x2  
  16  0:48  Hatchery  
  15  0:51  Drone  
  15  0:55  Drone  
  17  0:57  Drone  
  18  1:09  Extractor  
  17  1:13  Spawning Pool  
  17  1:16  Drone  
  17  1:20  Drone  
  18  1:27  Drone  
  19  1:38  Drone  
  20  1:49  Drone  
  21  1:59  Queen, Overlord  
  21  2:00  Queen, Zergling x2  
  26  2:08  Metabolic Boost  
  26  2:10  Drone  
  26  2:11  Drone  
  28  2:21  Drone  
  28  2:22  Drone  
  30  2:34  Hatchery  
  29  2:41  Drone x2  
  31  2:49  Overlord  
  32  2:51  Evolution Chamber, Drone  
  32  2:53  Drone  
  32  2:55  Drone  
  32  3:03  Zergling x2  
  33  3:08  Drone x4  
  33  3:10  Drone  
  33  3:12  Drone  
  39  3:14  Drone  
  40  3:20  Zerg Ground Armor Level 1  
  40  3:25  Overlord  
  40  3:28  Drone, Zergling x2  
  40  3:30  Zergling x2  
  43  3:38  Zergling x2, Roach Warren  
  43  3:40  Zergling x2  
  44  3:43  Zergling x4  
  44  3:44  Zergling x2  
  44  3:46  Zergling x2  
  44  3:47  Zergling x2  
  49  3:54  Queen  
  51  3:57  Zergling x6  
  54  4:03  Zergling x2  
  54  4:04  Zergling x4  
  54  4:08  Overlord  
  58  4:10  Zergling x2  
  58  4:15  Overlord  
  57  4:20  Overlord  
  57  4:25  Overlord  
  57  4:27  Roach x3  
  57  4:28  Zergling x4  
  65  4:41  Roach  
  65  4:43  Zergling x6  
  70  4:48  Zergling x6  
  71  4:56  Overlord  
  71  4:57  Drone x6  
  76  5:00  Lair  
  76  5:04  Drone x2  
  77  5:12  Overlord  
  76  5:15  Queen, Zerg Melee Weapons Level 1  
  76  5:18  Drone x3  
  78  5:21  Zergling x2  
  78  5:23  Overlord  
  78  5:26  Zergling x4  
  78  5:27  Zergling x2  
  78  5:32  Zergling x4  
  78  5:35  Queen  
  78  5:36  Drone  
  78  5:42  Drone x3  
  84  5:48  Roach x2  
  87  5:53  Zergling x4  
  87  5:56  Extractor  
  88  6:03  Drone  
  88  6:04  Drone x2  
  90  6:05  Queen x2  
  90  6:11  Queen  
  94  6:17  Zergling x10  
  95  6:22  Spore Crawler  
  95  6:23  Spore Crawler  
  95  6:24  Spore Crawler  
  92  6:28  Drone x3  
  92  6:32  Drone  
  96  6:33  Drone  
  96  6:35  Spore Crawler  
  96  6:39  Drone x2, Overlord  
  98  6:44  Infestation Pit  
  98  6:46  Extractor, Drone, Overlord  
  97  6:47  Drone  
  97  6:55  Baneling Nest  
  97  6:56  Drone x2  
  97  6:57  Drone x2  
  97  7:00  Spore Crawler  
  97  7:04  Drone x3, Spore Crawler  
  97  7:07  Overlord  
  99  7:11  Zerg Melee Weapons Level 2  
  99  7:14  Drone x3  
  101  7:26  Evolution Chamber, Extractor  
  101  7:27  Evolution Chamber, Hive  
  101  7:28  Zergling x8  
  102  7:30  Drone x2  
  102  7:31  Drone  
  102  7:35  Drone x2  
  102  7:36  Drone, Spore Crawler  
  107  7:39  Extractor, Spore Crawler  
  107  7:40  Baneling x2  
  107  7:41  Baneling  
  105  7:44  Drone x2  
  105  7:45  Drone  
  105  7:47  Drone  
  105  7:49  Overlord  
  105  7:50  Drone  
  110  7:53  Extractor  
  110  7:54  Overlord  
  110  7:55  Drone x2  
  111  7:59  Zergling x4  
  111  8:04  Overlord x2  
  113  8:08  Overlord  
  113  8:11  Drone x3  
  116  8:16  Pneumatized Carapace  
  116  8:17  Overseer  
  114  8:21  Zergling x8  
  117  8:31  Spore Crawler  
  117  8:32  Zergling x10  
  117  8:34  Queen  
  120  8:36  Overlord  
  122  8:42  Infestation Pit  
  120  8:48  Drone x2  
  120  8:49  Spore Crawler  
  120  8:50  Spore Crawler  
  120  8:51  Zerg Ground Armor Level 2  
  120  8:58  Viper x2  
  120  8:59  Queen  
  128  9:11  Drone  
  128  9:12  Drone x2  
  128  9:14  Spore Crawler  
  128  9:16  Spore Crawler  
  124  9:25  Ultralisk Cavern, Hatchery  
  124  9:27  Zergling x14  
  125  9:34  Baneling x2  
  125  9:35  Zergling x18  
  134  9:45  Zerg Melee Weapons Level 3  
  132  9:55  Drone x2  
  132  9:56  Drone x4  
  132  9:57  Drone  
  112  10:14  Queen x2  
  112  10:15  Queen  
  112  10:16  Ultralisk, Chitinous Plating  
  112  10:19  Unknown  
  119  10:24  Spore Crawler  
  119  10:27  Ultralisk  
  124  10:33  Ultralisk  
  108  10:44  Ultralisk  
  108  10:49  Zergling x14  
  107  10:58  Overseer  
  107  10:59  Zergling x20  
  116  11:10  Overseer  
  108  11:11  Ultralisk  
  114  11:19  Ultralisk, Zergling x2  
  114  11:22  Baneling x3  
  114  11:23  Overseer  
  121  11:35  Anabolic Synthesis  
  115  11:41  Ultralisk, Zergling x6  
  118  11:54  Ultralisk, Zergling x2  
  118  12:04  Zergling x10  
  113  12:12  Zergling x2  
  113  12:13  Zergling x8  
  99  12:24  Zergling x10  
  98  12:31  Zergling x4  
  91  12:37  Zergling x4  
  89  12:49  Zergling x8  
  89  12:54  Zergling x2  
  81  13:19  Ultralisk  
Tags
 
Add a new tag
Caveats
  • Supply blocks, unpowered buildings, or Contaminate may cause inaccurate times.
  • Supply counts are checked every 10 seconds.